 Dungeon Crawl Stone Soup version 0.30-a0-393-g54b8e3be05 (webtiles) character file.

Game seed: 12874013664023795459

45860 jlumianski the Severer (level 14, -11/121 HPs)
             Began as a Minotaur Fighter on Dec 1, 2022.
             Was the Champion of Okawaru.
             Mangled by a centaur warrior simulacrum (22 damage)
             ... on level 14 of the Dungeon on Dec 5, 2022.
             The game lasted 01:09:58 (14247 turns).

jlumianski the Severer (Minotaur Fighter)          Turns: 14247, Time: 01:10:00

Health: -11/121    AC: 39    Str: 27    XL:     14   Next: 2%
Magic:  20/20      EV:  9    Int:  5    God:    Okawaru [******]
Gold:   761        SH: 15    Dex: 10    Spells: 13/13 levels left

rFire   . . .      SeeInvis .    k - +7 broad axe of Moderation {protect, Str+5}
rCold   . . .      Faith    .    Q - +0 kite shield
rNeg    . . .      Spirit   .    u - +6 chain mail of Yluah {Rampage}
rPois   +          Reflect  .    (helmet unavailable)
rElec   +          Harm     .    d - +2 cloak {Will+}
rCorr   .          Rampage  +    T - +2 pair of gloves
Will    +....                    s - +2 pair of boots "Vitso" {rElec Will- Str-4 Slay+4}
Stlth   ..........               n - amulet of regeneration
HPRegen 1.20/turn                M - ring of poison resistance
MPRegen 0.17/turn                L - +4 ring of protection

@: about to teleport, under a protective aura
A: horns 3, retaliatory headbutt, large bone plates 1
a: Renounce Religion, Heroism, Finesse, Duel


You were on level 14 of the Dungeon.
You worshipped Okawaru.
Okawaru was exalted by your worship.
You visited 2 branches of the dungeon, and saw 16 of its levels.

You collected 986 gold pieces.
You spent 225 gold pieces at shops.

Inventory:

Hand Weapons
 k - the +7 broad axe of Moderation (weapon) {protect, Str+5}
   (Okawaru gifted it to you on level 12 of the Dungeon)

   It grants its wielder temporary protection when it strikes (+7 to AC).
   Str:       It affects your strength (+5).
 N - a +6 war axe of freezing
 R - a +2 spear of pain
Missiles
 m - 7 curare-tipped darts
 t - 13 javelins (quivered)
 y - 21 poisoned darts
 V - a throwing net
Armour
 d - a +2 cloak of willpower (worn)
 o - a +0 chain mail of poison resistance
 s - the +2 pair of boots "Vitso" (worn) {rElec Will- Str-4 Slay+4}
   (Okawaru gifted it to you on level 11 of the Dungeon)

   Str:       It affects your strength (-4).
   Slay:      It affects your accuracy & damage with ranged weapons and melee
   (+4).
   rElec:     It insulates you from electricity.
   Will:      It decreases your willpower.
 u - the +6 chain mail of Yluah (worn) {Rampage}
   (You found it on level 11 of the Dungeon)

   Rampage:   It bestows one free step when moving towards enemies.
 I - the +3 ring mail of the Fresh God {Drain MP+9 SInv}
   (Okawaru gifted it to you on level 13 of the Dungeon)

   MP:        It affects your magic capacity (+9).
   SInv:      It lets you see invisible.
   Drain:     It drains your maximum health when unequipped.
 K - a +0 plate armour
 Q - a +0 kite shield (worn)
 T - a +2 pair of gloves (worn)
 Y - +0 fire dragon scales
 Z - the +0 pair of boots of Hueg {Fly rElec}
   (Okawaru gifted it to you on level 14 of the Dungeon)

   rElec:     It insulates you from electricity.
   Fly:       It grants you flight.
Jewellery
 n - an amulet of regeneration (around neck)
 q - an amulet of the acrobat
 z - a +6 ring of dexterity
 D - a ring of positive energy
 L - a +4 ring of protection (right hand)
 M - a ring of poison resistance (left hand)
 P - a ring of willpower
Wands
 v - a wand of digging (4)
 x - a wand of paralysis (10)
 H - a wand of flame (26)
 U - a wand of mindburst (9)
Scrolls
 b - 2 scrolls of enchant weapon
 h - 5 scrolls of amnesia
 j - 3 scrolls of poison
 l - a scroll of fog
 w - 2 scrolls of magic mapping
 A - 2 scrolls of teleportation
 E - a scroll of immolation
 W - a scroll of summoning
 X - a scroll of blinking
Potions
 a - a potion of brilliance
 e - 6 potions of curing
 f - a potion of attraction
 g - a potion of heal wounds
 i - 6 potions of flight
 p - 2 potions of haste
 B - 4 potions of cancellation
 C - a potion of berserk rage
 G - a potion of magic
 J - 2 potions of might
 O - a potion of resistance
 S - 4 potions of invisibility
Miscellaneous
 c - a piece from Xom's chessboard (15/15)
 r - a phantom mirror
 F - a condenser vane


   Skills:
 + Level 10.3 Fighting
 + Level 16.3 Axes
 + Level 2.3 Throwing
 + Level 10.4 Armour
 + Level 3.6 Dodging
 + Level 1.2 Stealth
 + Level 11.7 Shields
 * Level 9.9 Invocations
 * Level 9.0 Evocations


You had 13 spell levels left.
You didn't know any spells.
Your spell library contained the following spells:

 Spells                   Type           Power      Damage    Failure   Level
 Freeze                   Ice            0%         1d3       99%         1
 Slow                     Hex            0%         N/A       99%         1
 Cigotuvi's Dreadful Rot  Necr/Pois/Air  0%         N/A       100%        2
 Ensorcelled Hibernation  Hex/Ice        0%         N/A       100%        2
 Confusing Touch          Hex            0%         N/A       100%        3
 Frozen Ramparts          Ice            0%         1d1       100%        3
 Hailstorm                Conj/Ice       0%         3d3       100%        3
 Ignite Poison            Fire/Tmut/Pois 0%         N/A       100%        3
 Portal Projectile        Hex/Tloc       0%         N/A       100%        3
 Spider Form              Tmut/Pois      0%         N/A       100%        3
 Vampiric Draining        Necr           0%         2d6       100%        3
 Anguish                  Hex/Necr       0%         N/A       100%        4
 Dispel Undead            Necr           0%         3d6       100%        4
 Leda's Liquefaction      Hex/Erth       0%         N/A       100%        4
 Manifold Assault         Tloc           0%         N/A       100%        4
 Sticky Flame             Conj/Fire      0%         2d3       100%        4
 Blade Hands              Tmut           0%         N/A       100%        5
 Dispersal                Tloc           0%         N/A       100%        6
 Orb of Destruction       Conj           0%         9d5       100%        7
 Disjunction              Tloc           0%         N/A       100%        8
 Ignition                 Fire           0%         3d3       100%        8
 Call Canine Familiar     Summ           Unusable   N/A       N/A         3
 Summon Guardian Golem    Hex/Summ       Unusable   N/A       N/A         3
 Tukima's Dance           Hex            Unusable   N/A       N/A         3
 Death Channel            Necr           Unusable   N/A       N/A         6
 Spellforged Servitor     Conj/Summ      Unusable   N/A       N/A         7

Dungeon Overview and Level Annotations

Branches:
Dungeon (15/15)            Temple (1/1) D:5            Lair (0/5) D:10
    Orc (0/2) D:11         Vaults (0/5) D:13
 Depths: D:15

Altars:
Ashenzari
Cheibriados
Dithmenos
Elyvilon
Fedhas
Gozag
Hepliaklqana
Kikubaaqudgha
Makhleb
Nemelex Xobeh
Okawaru
Qazlal
Ru
Sif Muna
Trog
Uskayaw
Vehumet
Wu Jian
Xom
Yredelemnul
Zin
The Shining One

Shops:
D:1 *   D:2 (   D:8 :   D:10 (?

Annotations:
D:9 1 runed translucent door


Innate Abilities, Weirdness & Mutations

You have a pair of large horns on your head.
You reflexively headbutt those who attack you in melee.
You are partially covered in large bone plates. (SH +4)


Message History

You destroy the vampire mosquito!
Okawaru accepts your kill.
You barely miss the centaur warrior simulacrum.
You slash the vampire mosquito!
The vampire mosquito bites you but does no damage. x2
You block the vampire mosquito's attack.
You block the centaur warrior simulacrum's attack.
The centaur warrior simulacrum kicks you but does no damage.
The vampire mosquito bites you.
The vampire mosquito draws strength from your injuries!
You miss the vampire mosquito.
The vampire mosquito is moderately damaged.
You miss the vampire mosquito. You slice the vampire mosquito!!
You hit the centaur warrior simulacrum.
You block the vampire mosquito's attack.
The vampire mosquito bites you but does no damage. x2
You block the vampire mosquito's attack.
The centaur warrior simulacrum barely misses you.
The centaur warrior simulacrum kicks you.
The centaur warrior simulacrum freezes you!!
* * * LOW HITPOINT WARNING * * *
The vampire mosquito bites you but does no damage.
You slice the vampire mosquito!!
You destroy the vampire mosquito!
Okawaru accepts your kill.
You slash the vampire mosquito! x2
You destroy the vampire mosquito!
Okawaru accepts your kill.
You slash the centaur warrior simulacrum!
The vampire mosquito bites you but does no damage.
You block the centaur warrior simulacrum's attack.
The centaur warrior simulacrum kicks you but does no damage.
The vampire mosquito bites you but does no damage.
As you read the scroll of teleportation, it crumbles to dust.
You feel strangely unstable.
You block the vampire mosquito's attack.
The centaur warrior simulacrum hits you.
* * * LOW HITPOINT WARNING * * *
The centaur warrior simulacrum freezes you!!
You die...

#p...##.....##.##.....
#...##.......###...)([
#W###...###...#...###)
#.#....##.##.....## ##
#§#...# ...##...## #
#.#... .....#...# .
#.#####.....##### ....
#.W..y†...... ....
#...Z@†...... ....
############# ####


You could see a phantasmal warrior, a vampire mosquito and a centaur warrior
simulacrum.

Vanquished Creatures
  Gastronok (D:12)
  Kirke (D:13)
  4 vault guards
  A fire dragon (D:14)
  2 rakshasas (D:14)
  An ogre mage (D:11)
  4 two-headed ogres
  11 centaur warriors
  4 boulder beetles
  A tengu warrior (D:10)
  Sonja (D:12)
  A skeletal warrior (D:14)
  The ghost of SmokeWeed the Ogre Mage, a novice OgHW of Okawaru (D:7)
  A glowing orange brain (D:14)
  A wizard (D:11)
  A deep elf pyromancer (D:14)
  9 cyclopes
  5 ugly things
  3 manticores (D:14)
  Maurice (D:12)
  A gargoyle (D:13)
  2 unseen horrors
  An unseen horror zombie (D:7)
  A freezing wraith (D:14)
  A kobold demonologist (D:14)
  Psyche (D:11)
  A tengu conjurer (D:13)
  2 unseen horror skeletons (D:7)
  A queen bee (shapeshifter) (D:14)
  7 trolls
  4 slime creatures (D:14)
  A spriggan (shapeshifter) (D:13)
  3 shadows
  3 wraiths
  3 wyverns
  12 yaks (D:11)
  9 humans
  3 hogs (D:13)
  A basilisk (D:11)
  3 steam dragons
  6 vampire mosquitoes
  An acid dragon (D:14)
  Duvessa (D:4)
  2 water moccasins
  3 orc warriors
  An ice beast (D:7)
  2 black bears
  A sky beast (D:7)
  An ogre (D:6)
  The ghost of qeuew the Trooper, an amateur DsMo of Fedhas (D:3)
  21 centaurs
  5 kobold brigands
  A bullfrog (D:7)
  3 necrophages
  A gnoll sergeant (D:9)
  7 scorpions
  13 wights
  Dowan (D:4)
  14 killer bees
  2 howler monkeys
  2 lava snakes (D:7)
  2 centaur skeletons (D:7)
  8 hounds
  8 orc priests
  A centaur zombie (D:7)
  2 jellies (D:6)
  Crazy Yiuf (D:7)
  An iguana (D:4)
  Terence (D:3)
  Ijyb (D:3)
  7 orc wizards
  10 adders
  11 gnolls
  12 white imps (D:12)
  2 ufetubi
  4 worms
  2 dart slugs
  27 orcs
  5 ball pythons
  A bat (D:3)
  7 endoplasms
  5 giant cockroaches
  5 goblins
  14 hobgoblins
  8 jackals
  2 frilled lizards
  12 kobolds
  4 rats
  6 butterflies (D:9)
372 creatures vanquished.

Vanquished Creatures (others)
  A wizard (D:14)
  10 plants
11 creatures vanquished.

Grand Total: 383 creatures vanquished

Notes
Turn   | Place    | Note
-------+----------+-------------------------------------------
     0 | D:1      | jlumianski the Minotaur Fighter began the quest for the
                  | Orb.
     0 | D:1      | Reached XP level 1. HP: 19/19 MP: 0/0
    18 | D:1      | Found Woidd's Assorted Antiques.
   152 | D:2      | Reached XP level 2. HP: 27/27 MP: 1/1
   165 | D:2      | Found Paych's Antique Weapon Shop.
   203 | D:3      | Noticed Terence
   213 | D:3      | Killed Terence
   214 | D:3      | Reached XP level 3. HP: 3/33 MP: 2/2
  1509 | D:2      | Found a faded altar of an unknown god.
  1604 | D:2      | Reached skill level 3 in Axes
  1604 | D:2      | Reached XP level 4. HP: 25/40 MP: 3/3
  1724 | D:2      | Reached skill level 5 in Armour
  1985 | D:3      | Gained mutation: You sometimes lose your temper in combat.
                  | [potion of mutation]
  1985 | D:3      | Gained mutation: Your mind is acute. (Int +4, Str/Dex -1)
                  | [potion of mutation]
  1986 | D:3      | Lost mutation: Your mind is acute. (Int +4, Str/Dex -1)
                  | [potion of mutation]
  1986 | D:3      | Lost mutation: You sometimes lose your temper in combat.
                  | [potion of mutation]
  1986 | D:3      | Gained mutation: You are somewhat resistant to further
                  | mutation. [potion of mutation]
  1986 | D:3      | Lost mutation: You are somewhat resistant to further
                  | mutation. [potion of mutation]
  1986 | D:3      | Gained mutation: You have hidden genetic potential. [potion
                  | of mutation]
  2152 | D:3      | Found a runed translucent gate.
  2152 | D:3      | Found a runed translucent gate.
  2152 | D:3      | Found a runed translucent gate.
  2154 | D:3      | Noticed qeuew's ghost (amateur DsMo)
  2218 | D:3      | Noticed Ijyb
  2223 | D:3      | Paralysed by Ijyb for 4 turns
  2229 | D:3      | Killed Ijyb
  2327 | D:2      | Reached XP level 5. HP: 46/46 MP: 4/4
  2345 | D:1      | Bought an encrusted bronze ring for 130 gold pieces
  2345 | D:1      | Bought a scroll labelled QUDAYTEWOSISH for 26 gold pieces
  2378 | D:2      | Reached skill level 4 in Axes
  2395 | D:2      | Gained mutation: You have a pair of large horns on your
                  | head. [hidden potential]
  3025 | D:3      | Killed qeuew's ghost
  3026 | D:3      | Reached skill level 5 in Axes
  3026 | D:3      | Reached XP level 6. HP: 41/53 MP: 5/5
  3257 | D:4      | Gained mutation: You are partially covered in large bone
                  | plates. (SH +4) [hidden potential]
  3257 | D:4      | Lost mutation: You have hidden genetic potential. [hidden
                  | potential expressed]
  3295 | D:5      | Entered Level 5 of the Dungeon
  3308 | D:4      | Reached skill level 6 in Axes
  3505 | D:6      | Reached XP level 7. HP: 60/60 MP: 6/6
  3786 | D:4      | Noticed Dowan
  3791 | D:4      | Noticed Duvessa
  3806 | D:4      | Killed Duvessa
  3807 | D:4      | Reached skill level 7 in Axes
  3817 | D:4      | Killed Dowan
  4172 | D:5      | Found a staircase to the Ecumenical Temple.
  4181 | Temple   | Entered the Ecumenical Temple
  4283 | Temple   | Became a worshipper of Warmaster Okawaru
  4312 | D:5      | Identified the +1 leather armour "Hubouwypn" {Dex+7}
  4350 | D:5      | Found a stormy altar of Qazlal.
  4365 | D:5      | Reached skill level 1 in Dodging
  4398 | D:5      | Reached skill level 5 in Fighting
  4398 | D:5      | Reached skill level 5 in Shields
  4562 | D:5      | Reached skill level 8 in Axes
  4584 | D:6      | Reached skill level 1 in Invocations
  4584 | D:6      | Reached skill level 1 in Evocations
  4584 | D:6      | Reached XP level 8. HP: 54/68 MP: 7/7
  4970 | D:6      | Reached * piety under Okawaru
  5339 | D:6      | Reached skill level 9 in Axes
  5737 | D:6      | Found the +8 demon trident "Rift" {distort, reach+}
  5889 | D:6      | Found a hazy altar of Hepliaklqana.
  5889 | D:6      | Found a hide-covered altar of Uskayaw.
  5953 | D:7      | Found a runed translucent gate.
  6078 | D:7      | Reached ** piety under Okawaru
  6175 | D:7      | Reached XP level 9. HP: 75/75 MP: 9/9
  6193 | D:7      | Found an ornate altar of the Wu Jian Council.
  6261 | D:7      | Found a blossoming altar of Fedhas.
  6266 | D:7      | Reached skill level 10 in Axes
  6518 | D:7      | Found a runed translucent gate.
  6518 | D:7      | Found a runed translucent gate.
  6645 | D:7      | Found a runed translucent door.
  6646 | D:7      | Noticed Crazy Yiuf
  6710 | D:7      | Reached *** piety under Okawaru
  6914 | D:7      | Noticed SmokeWeed's ghost (novice OgHW)
  6946 | D:7      | Reached skill level 11 in Axes
  6965 | D:7      | Reached **** piety under Okawaru
  6966 | D:7      | Reached XP level 10. HP: 82/84 MP: 12/12
  6981 | D:7      | Killed SmokeWeed's ghost
  7081 | D:7      | Killed Crazy Yiuf
  7302 | D:8      | Noticed a two-headed ogre
  7302 | D:8      | Noticed a boulder beetle
  7523 | D:8      | Reached skill level 5 in Invocations
  7617 | D:8      | Reached ***** piety under Okawaru
  7767 | D:8      | Found Enyt's Tremendous Tomes.
  8048 | D:1      | Bought a sedimented black potion for 23 gold pieces
  8048 | D:1      | Bought a sedimented black potion for 23 gold pieces
  8048 | D:1      | Bought a cyan potion for 23 gold pieces
  8261 | D:10     | Entered Level 10 of the Dungeon
  8432 | D:9      | Reached skill level 5 in Evocations
  8438 | D:9      | Reached skill level 12 in Axes
  8762 | D:11     | Found a staircase to the Orcish Mines.
  8876 | D:9      | Found a runed translucent door.
  8878 | D:9      | Found a runed translucent door.
  9163 | D:10     | Received a gift from Okawaru
  9197 | D:10     | Found a staircase to the Lair.
  9697 | D:10     | Found Bukei's Magic Scroll Shoppe.
  9712 | D:10     | Identified the +0 robe "Bioz" {rC+ Str-2 Dex+4}
  9714 | D:10     | Found a glowing golden altar of the Shining One.
  9717 | D:10     | Found Uting's Antique Weapon Emporium.
  9924 | D:11     | Noticed a cyclops
  9934 | D:11     | Killed a cyclops
  9935 | D:11     | Reached XP level 11. HP: 92/92 MP: 14/14
 10109 | D:11     | Noticed a two-headed ogre
 10119 | D:11     | Killed a two-headed ogre
 10183 | D:11     | Noticed a tengu warrior
 10186 | D:11     | Noticed a wizard
 10233 | D:10     | Killed a tengu warrior
 10250 | D:11     | Upgraded the game from 0.30-a0-381-g6ea064c7b4 to
                  | 0.30-a0-393-g54b8e3be05
 10259 | D:11     | Killed a wizard
 10452 | D:12     | Noticed Maurice
 10459 | D:12     | Killed Maurice
 10489 | D:12     | Noticed Sonja
 10499 | D:12     | HP: 2/94 [Sonja/+0 dagger of distortion (5)]
 10506 | D:12     | Killed Sonja
 10506 | D:12     | Identified the +7 broad axe of Moderation {protect, Str+5}
                  | (Okawaru gifted it to you on level 12 of the Dungeon)
 10506 | D:12     | Received a gift from Okawaru
 10814 | D:11     | Noticed Psyche
 10842 | D:11     | Killed Psyche
 10863 | D:11     | Reached skill level 13 in Axes
 10955 | D:11     | Noticed a two-headed ogre
 10962 | D:11     | Killed a two-headed ogre
 11017 | D:11     | Noticed a two-headed ogre
 11025 | D:11     | Killed a two-headed ogre
 11067 | D:11     | Reached skill level 1 in Throwing
 11471 | D:11     | Noticed an ogre mage
 11480 | D:11     | Killed an ogre mage
 11480 | D:11     | Identified the +2 pair of boots "Vitso" {rElec Will- Str-4
                  | Slay+4} (Okawaru gifted it to you on level 11 of the
                  | Dungeon)
 11480 | D:11     | Received a gift from Okawaru
 11481 | D:11     | Reached XP level 12. HP: 88/102 MP: 16/16
 11500 | D:11     | Identified the +6 chain mail of Yluah {Rampage}
 11772 | D:12     | Noticed a centaur warrior
 11777 | D:12     | Killed a centaur warrior
 11945 | D:12     | Reached ****** piety under Okawaru
 12020 | D:12     | Noticed Gastronok
 12020 | D:12     | Noticed a centaur warrior
 12028 | D:12     | Reached skill level 1 in Stealth
 12033 | D:12     | Killed a centaur warrior
 12037 | D:12     | Killed Gastronok
 12038 | D:12     | Reached skill level 14 in Axes
 12313 | D:13     | Noticed a centaur warrior
 12319 | D:13     | Killed a centaur warrior
 12320 | D:13     | Reached skill level 10 in Shields
 12365 | D:13     | Noticed Kirke
 12373 | D:13     | Killed Kirke
 12373 | D:13     | Identified the +3 ring mail of the Fresh God {Drain MP+9
                  | SInv} (Okawaru gifted it to you on level 13 of the Dungeon)
 12373 | D:13     | Received a gift from Okawaru
 12462 | D:13     | Noticed a two-headed ogre
 12471 | D:13     | Killed a two-headed ogre
 12647 | D:13     | Found a gate to the Vaults.
 12647 | D:13     | Noticed a vault guard
 12647 | D:13     | Noticed a boulder beetle
 12647 | D:13     | Noticed a vault guard
 12647 | D:13     | Noticed a vault guard
 12647 | D:13     | Noticed a vault guard
 12682 | D:13     | Noticed a boulder beetle
 12696 | D:12     | Killed a vault guard
 12730 | D:12     | Killed a vault guard
 12731 | D:12     | Reached skill level 10 in Armour
 12740 | D:12     | Killed a boulder beetle
 12741 | D:12     | Reached skill level 15 in Axes
 12741 | D:12     | Reached XP level 13. HP: 93/111 MP: 18/18
 12947 | D:15     | Entered Level 15 of the Dungeon
 13480 | D:14     | Noticed a fire dragon
 13489 | D:14     | Identified the +0 pair of boots of Hueg {Fly rElec}
                  | (Okawaru gifted it to you on level 14 of the Dungeon)
 13489 | D:14     | Received a gift from Okawaru
 13497 | D:14     | Killed a fire dragon
 13613 | D:14     | Found a glowing golden altar of the Shining One.
 13719 | D:14     | Reached skill level 10 in Fighting
 13968 | D:14     | Reached skill level 16 in Axes
 14219 | D:14     | Reached XP level 14. HP: 103/121 MP: 20/20
 14247 | D:14     | Mangled by a centaur warrior simulacrum

Illustrated notes

Levels and vault maps discovered:
D:1:      psy_arrival_radial02, layout_basic, serial_forest,
          infiniplex_forest_end_2, infiniplex_forest_clump_curved,
          infiniplex_forest_lined_3, infiniplex_forest_clump_large,
          infiniplex_forest_clump_tiny, infiniplex_forest_lined_room_3,
          infiniplex_forest_zigzag_2, serial_shops,
          nicolae_shop_advertising_works [nicolae_subvault_shop_adworks]
D:2:      layout_rooms, serial_shops, shop, chequers_ecumenical_altar_island
D:3:      layout_basic, gammafunk_ghost_split, serial_park_tiny_2, uniq_ijyb,
          uniq_terence
D:4:      layout_cave_pods, uniq_duvessa
D:5:      layout_cave_pools, mainiacjoe_overflow_surrounded_room,
          minmay_temple_entry_ruins, minmay_tree_intersection
D:6:      layout_gridville, gammafunk_temple_overflow_elements
D:7:      layout_loops_ring, overflow_temple_1_default,
          nzn_wu_jian_council_hall, gammafunk_ghost_necromancy,
          grunt_decor_junction, kennysheep_generic_room_4,
          uniq_crazy_yiuf_cottage
D:8:      layout_cave_pools, serial_bayou, serial_bayou_pond_e,
          serial_bayou_pond_d, serial_bayou_pond_c, serial_bayou_pond_e,
          serial_bayou_pond_e, serial_bayou_pond_b,
          nicolae_shop_i_like_big_books, lightli_corner_chamber
D:9:      lemuel_insect_pit, layout_basic
D:10:     layout_basic, mainiacjoe_overflow_small_starburst, lair_entry_dummy,
          serial_shops, nicolae_shop_hallway_plus, nicolae_shop_crystal,
          minmay_misc_feat_four_crosses, serial_bayou_pond_d
D:11:     erik_cavepeople, layout_long_grid, minmay_diamond_spiral
D:12:     layout_loops_cross, portal_ice_cave_entry_imps,
          minmay_misc_feat_encased, uniq_maurice, uniq_gastronok, uniq_sonja
D:13:     layout_cave_pods, lightli_vaults_fourway_checkpoint, uniq_kirke
D:14:     minmay_connected_boxes_in_corner, layout_basic, tso_metal_star
D:15:     gammafunk_depths_entry_grave, layout_loops_ring,
          nicolae_trove_entry_path_of_doom, nicolae_wooded_promenade
Temple:   compressed_dpeg_triangle_lava_temple

Skill      XL: |  1  2  3  4  5  6  7  8  9 10 11 12 13 |
---------------+----------------------------------------+-----
Fighting       | 4 5 6 7 8 9 10 | 10.3
Armour         | 4 5 6 7 8 9 10 | 10.4
Shields        | 4 5 6 8 9 10 11 | 11.7
Axes           | 3 5 6 8 9 11 12 13 15 16 | 16.3
Dodging        | 1 2 3 |  3.6
Invocations    | 1 2 4 6 7 8 9 |  9.9
Evocations     | 1 2 4 5 7 9 |  9.0
Throwing       | 1 2 |  2.3
Stealth        | 1 |  1.2

Action                   |  1- 3 |  4- 6 |  7- 9 | 10-12 | 13-15 || total
-------------------------+-------+-------+-------+-------+-------++-------
Melee: War axe           |    71 |   105 |   229 |   196 |       ||   601
       Headbutt          |    13 |     6 |    43 |    87 |    59 ||   208
       Broad axe         |       |       |       |   212 |   232 ||   444
Throw: Javelin           |       |     3 |       |    14 |     7 ||    24
       Dart              |       |     2 |       |       |       ||     2
Invok: Heroism           |       |       |       |     2 |     1 ||     3
Evoke: Wand              |       |       |       |     2 |     1 ||     3
  Use: Potion            |     1 |     5 |       |     7 |       ||    13
       Scroll            |       |     9 |     5 |     7 |     5 ||    26
 Stab: Paralysed         |       |       |       |     1 |       ||     1
Armor: Scale mail        |     9 |       |       |       |       ||     9
       Chain mail        |    17 |    43 |    50 |    82 |   159 ||   351
       Plate armour      |       |       |    38 |   144 |       ||   182
Dodge: Dodged            |    24 |    57 |   106 |   156 |    55 ||   398
Block: Buckler           |    11 |    33 |   151 |    67 |       ||   262
       Kite shield       |       |       |       |   296 |   185 ||   481

Table legend: (Time is in decaauts)
 A = Elapsed time spent in this place.
 B = Non-inter-level travel time spent in this place.
 C = Inter-level travel time spent in this place.
 D = Time resting spent in this place.
 E = Time spent auto-exploring this place.
 F = Levels seen in this place.
 G = Mean time per level.
                   A        B        C        D        E       F      G
               +--------+--------+--------+--------+--------+-----+--------+
         Total |  14438 |  13759 |    679 |    351 |   8055 |  16 |  902.4 |
       Dungeon |  14325 |  13646 |    679 |    351 |   8055 |  15 |  955.0 |
        Temple |    113 |    113 |      0 |      0 |      0 |   1 |  113.0 |
               +--------+--------+--------+--------+--------+-----+--------+

Top non-repeatable levels by time:
    D:11: 1411 daAuts
     D:7: 1306 daAuts
     D:1: 1236 daAuts
     D:3: 1165 daAuts
    D:10: 1049 daAuts
    D:12: 1045 daAuts
     D:6: 1025 daAuts
     D:4: 1004 daAuts
    D:14: 987 daAuts
    D:13: 924 daAuts
     D:2: 870 daAuts
     D:8: 844 daAuts
     D:5: 718 daAuts
     D:9: 708 daAuts
  Temple: 113 daAuts
